Map: [ESL] Babylon

Players

Cham - Winner!

  • Race: Zerg Zerg
  • Spawn Location: 5:00

PattyMac

  • Race: Protoss Protoss
  • Spawn Location: 11:00

Event: ESL SC2 Masters 2023 Summer (Regionals)

VOD

Have the link to the VOD?

Description

Time

  • Played on: May 14, 2023, 2:55 p.m.
  • Length: 11:00

All games in this series

Show
View Real Time Build Order
Export as new Build Order

Cham Zerg - Winner!

Build Orders: Hatch First 

Get SALT Encoding   

  12  0:00  Drone  
  13  0:12  Overlord  
  13  0:22  Drone  
  14  0:30  Drone x2  
  16  0:50  Hatchery  
  16  0:53  Drone  
  16  0:55  Drone  
  17  1:10  Spawning Pool  
  16  1:12  Drone  
  16  1:15  Extractor  
  16  1:17  Drone  
  17  1:21  Drone  
  18  1:31  Drone  
  19  1:41  Drone  
  20  1:51  Overlord  
  20  1:56  Queen  
  22  2:01  Zergling x2  
  22  2:02  Drone, Queen  
  26  2:11  Zergling x2  
  26  2:12  Drone  
  28  2:23  Drone  
  28  2:24  Drone  
  30  2:37  Hatchery  
  29  2:46  Queen  
  29  2:49  Overlord  
  31  2:52  Drone  
  31  2:56  Drone  
  33  3:01  Drone  
  34  3:06  Spore Crawler  
  34  3:09  Drone  
  37  3:13  Lair  
  37  3:15  Extractor  
  37  3:16  Drone  
  37  3:17  Drone  
  37  3:18  Drone x3  
  39  3:23  Overlord  
  39  3:25  Overlord  
  39  3:28  Drone  
  39  3:32  Drone  
  41  3:37  Roach Warren  
  41  3:39  Drone  
  41  3:41  Drone  
  42  3:43  Drone  
  43  3:50  Drone x3  
  46  3:57  Extractor, Drone  
  46  3:58  Drone x3  
  49  4:03  Overlord  
  49  4:11  Overseer  
  49  4:17  Roach x5  
  49  4:21  Roach  
  49  4:23  Roach  
  63  4:26  Glial Reconstitution  
  63  4:31  Roach x2  
  67  4:38  Overlord  
  67  4:43  Overlord  
  67  4:46  Roach x3  
  67  4:49  Overlord  
  72  5:00  Overlord  
  72  5:01  Roach x4  
  80  5:07  Overlord  
  80  5:10  Roach x2  
  83  5:15  Roach x2  
  83  5:17  Roach  
  89  5:21  Roach  
  89  5:22  Roach  
  89  5:26  Overlord  
  93  5:29  Roach  
  93  5:34  Overlord  
  95  5:40  Roach  
  95  5:41  Roach x2  
  101  5:46  Overlord  
  101  5:48  Drone  
  101  5:49  Drone x3  
  105  5:53  Drone  
  105  5:54  Drone x2  
  108  5:59  Roach x2  
  108  6:02  Overlord  
  112  6:11  Drone x4  
  114  6:16  Overlord  
  114  6:17  Overlord  
  112  6:32  Roach x6  
  124  6:34  Overlord  
  124  6:37  Evolution Chamber  
  124  6:38  Baneling Nest  
  122  6:42  Drone x3  
  122  6:43  Drone x2  
  127  6:48  Drone  
  127  6:51  Drone  
  129  6:57  Extractor, Drone, Infestation Pit  
  129  6:58  Drone  
  129  6:59  Extractor  
  128  7:03  Zerg Melee Weapons Level 1  
  128  7:05  Hatchery  
  128  7:06  Drone x2  
  128  7:07  Drone x3  
  132  7:11  Extractor  
  132  7:12  Overlord  
  132  7:13  Metabolic Boost  
  131  7:17  Drone x2  
  131  7:18  Drone x2  
  135  7:22  Centrifugal Hooks  
  135  7:24  Drone x2  
  135  7:28  Drone  
  138  7:31  Zergling x6  
  138  7:32  Zergling x2  
  142  7:38  Zergling x8  
  142  7:39  Zergling x4  
  146  7:50  Queen  
  146  7:52  Hive  
  146  7:54  Overlord  
  146  7:55  Drone  
  146  7:56  Drone x4  
  146  7:58  Zergling x2  
  152  8:00  Zergling x4  
  152  8:01  Zergling x2  
  138  8:15  Overlord  
  138  8:17  Drone x4  
  142  8:20  Ravager x4  
  142  8:23  Hatchery  
  142  8:24  Zergling x4  
  142  8:25  Zergling x8  
  142  8:26  Zergling x2  
  152  8:29  Zergling x6  
  152  8:30  Zergling x2  
  152  8:33  Zergling x4  
  158  8:41  Overlord  
  158  8:43  Zergling x4  
  160  8:49  Overlord  
  160  8:52  Zergling x16  
  170  9:03  Overlord  
  170  9:04  Adrenal Glands, Viper  
  170  9:05  Viper x3  
  170  9:09  Zergling x10  
  187  9:14  Spine Crawler  
  187  9:15  Spore Crawler, Drone x2  
  187  9:17  Baneling x7  
  185  9:26  Zergling x12, Roach x2  
  178  9:32  Ravager x3  
  178  9:33  Overlord  
  178  9:35  Baneling  
  178  9:36  Baneling x12  
  181  9:40  Drone x3  
  181  9:42  Drone x3  
  181  9:43  Drone  
  188  9:48  Swarm Host  
  188  9:49  Drone x3  
  189  9:53  Zergling x6  
  186  10:00  Zergling x6, Roach x3  
  186  10:01  Zergling x4  
  186  10:06  Spore Crawler  
  189  10:07  Zergling x4, Spine Crawler  
  189  10:08  Zergling x4  
  189  10:13  Baneling  
  192  10:15  Zergling x10  
  192  10:17  Baneling x13  
  197  10:24  Spore Crawler, Spine Crawler  
  197  10:25  Spine Crawler  
  194  10:29  Drone x4  
  194  10:32  Baneling x6  
  194  10:33  Baneling x10  
Show
View Real Time Build Order
Export as new Build Order

PattyMac Protoss 

Build Orders: 1 Gate Expand, Zealot Archon, Dark Templar Rush 

Get SALT Encoding   

  12  0:00  Probe  
  13  0:13  Pylon  
  13  0:17  Probe (Chrono Boost)  
  14  0:26  Probe (Chrono Boost)  
  15  0:31  Probe (Chrono Boost)  
  16  0:41  Gateway  
  16  0:45  Probe  
  17  0:50  Assimilator  
  17  0:57  Probe  
  18  1:09  Probe  
  19  1:21  Probe  
  20  1:27  Nexus  
  20  1:36  Cybernetics Core  
  20  1:38  Probe  
  21  1:47  Assimilator  
  21  1:52  Probe  
  22  1:54  Pylon  
  22  2:04  Probe (Chrono Boost)  
  23  2:10  Adept (Chrono Boost)  
  23  2:13  Warp Gate  
  25  2:16  Probe (Chrono Boost)  
  26  2:24  Probe (Chrono Boost)  
  26  2:27  Twilight Council  
  27  2:31  Probe  
  27  2:33  Stalker (Chrono Boost)  
  30  2:39  Probe  
  30  2:43  Probe  
  32  2:51  Probe  
  33  2:52  Robotics Facility  
  33  2:58  Probe  
  34  3:03  Probe  
  35  3:10  Probe  
  35  3:12  Gateway  
  36  3:16  Probe  
  37  3:21  Dark Shrine  
  37  3:23  Probe  
  38  3:28  Probe  
  38  3:30  Gateway  
  39  3:35  Probe, Pylon  
  39  3:39  Warp Prism (Chrono Boost)  
  40  3:44  Probe  
  43  3:50  Pylon  
  43  3:51  Probe  
  44  3:57  Probe  
  44  3:59  Assimilator  
  44  4:02  Adept  
  47  4:06  Adept  
  47  4:08  Probe  
  50  4:11  Probe  
  51  4:22  Nexus  
  51  4:24  Probe  
  51  4:26  Probe  
  53  4:34  Dark Templar x2  
  53  4:36  Probe  
  58  4:40  Archon  
  58  4:41  Observer  
  58  4:42  Probe, Pylon  
  60  4:46  Assimilator  
  60  4:47  Pylon  
  60  4:48  Probe  
  61  4:55  Probe  
  62  5:00  Gateway  
  62  5:01  Probe, Gateway  
  63  5:12  Blink  
  63  5:14  Shield Battery  
  63  5:18  Probe  
  63  5:19  Probe  
  63  5:20  Robotics Bay  
  65  5:24  Sentry  
  67  5:29  Forge  
  67  5:30  Probe (Chrono Boost)  
  67  5:31  Probe (Chrono Boost)  
  69  5:37  Probe (Chrono Boost), Pylon  
  69  5:42  Probe (Chrono Boost)  
  72  5:43  Probe (Chrono Boost)  
  72  5:46  Probe (Chrono Boost)  
  72  5:48  Probe x2 (Chrono Boost)  
  75  5:51  Stalker x3  
  81  5:57  Probe x2  
  81  6:02  Probe  
  84  6:08  Disruptor (Chrono Boost)  
  84  6:11  Zealot, Dark Templar  
  83  6:16  Stalker  
  71  6:23  Stalker x2  
  71  6:27  Shield Battery  
  61  6:33  Stalker  
  61  6:37  Protoss Ground Weapons Level 1, Pylon  
  63  6:41  Disruptor (Chrono Boost)  
  66  6:47  Stalker  
  68  7:00  Probe  
  69  7:06  Nexus  
  69  7:07  Disruptor (Chrono Boost), Pylon  
  69  7:14  Gravitic Drive  
  72  7:17  Probe  
  72  7:20  Probe  
  74  7:24  Stalker x2  
  78  7:32  Probe x2  
  78  7:35  Stalker x2  
  79  7:52  Disruptor (Chrono Boost)  
  79  7:54  Nexus  
  79  7:57  Stalker  
  79  7:58  Stalker  
  86  8:04  Pylon  
  86  8:15  Shield Battery  
  86  8:17  Pylon  
  86  8:22  Probe x2  
  86  8:23  Disruptor (Chrono Boost)  
  91  8:32  Assimilator  
  91  8:34  Assimilator  
  91  8:43  Stalker x5  
  100  8:51  Probe  
  101  9:05  Probe  
  102  9:11  Observer (Chrono Boost)  
  102  9:13  Dark Templar  
  102  9:15  Probe  
  102  9:16  Probe  
  107  9:17  Probe  
  107  9:20  Sentry  
  110  9:33  Probe x2  
  110  9:36  Disruptor  
  110  9:37  Dark Templar  
  117  9:40  Archon  
  117  9:42  Pylon  
  117  9:43  Pylon  
  117  9:45  Pylon  
  117  9:46  Photon Cannon  
  117  9:54  Probe  
  117  10:03  Dark Templar x3  
  117  10:06  Pylon, Dark Templar  
  125  10:08  Pylon  
  125  10:12  Archon x2  
  125  10:20  Nexus  
  125  10:21  Stalker  
  125  10:22  Pylon  
  125  10:25  Pylon  
  127  10:28  Templar Archives  
  127  10:35  Stalker x3  
  114  10:56  Stalker x2  
Tags
 
Add a new tag
Caveats
  • Supply blocks, unpowered buildings, or Contaminate may cause inaccurate times.
  • Supply counts are checked every 10 seconds.